 Dungeon Crawl Stone Soup version 0.21.1-1-g345015f (webtiles) character file.

12590 twistedcrescendo the Carver (level 11, 0/104 HPs)
             Began as a Minotaur Berserker on June 18, 2018.
             Was a High Priest of Trog.
             Killed by divine providence
             ... invoked by an orc priest
              (11 damage)
             ... on level 12 of the Dungeon.
             The game lasted 01:08:52 (8641 turns).

twistedcrescendo the Carver (Minotaur Berserker)    Turns: 8641, Time: 01:08:52

Health: 0/104      AC: 13    Str: 30    XL:     11   Next: 64%
Magic:  10/10      EV: 10    Int:  4    God:    Trog [*****.]
Gold:   588        SH:  0    Dex: 14    Spells: 10/10 levels left

rFire    . . .     SeeInvis .   u - +7 long sword "Vaimop" {slice, Str+6}
rCold    . . .     Gourm    .   (no shield)
rNeg     . . .     Faith    .   h - +0 chain mail
rPois    .         Spirit   .   (helmet restricted)
rElec    .         Reflect  .   O - +0 cloak
rCorr    .         Harm     .   (no gloves)
MR       +....                  (no boots)
Stlth    ..........             (no amulet)
HPRegen  0.27/turn              i - +3 ring of strength
MPRegen  0.12/turn              v - ring of protection from magic

@: lethally poisoned (0 -> -1), berserk cooldown, starving, slowed, very slow
A: retaliatory headbutt, horns 2
a: Berserk, Trog's Hand, Brothers in Arms, Burn Spellbooks, Renounce Religion


You were on level 12 of the Dungeon.
You worshipped Trog.
Trog was extremely pleased with you.
You were starving.

You visited 1 branch of the dungeon, and saw 12 of its levels.

You collected 653 gold pieces.
You spent 65 gold pieces at shops.

Inventory:

Hand Weapons
 l - a +0 scythe of distortion
 u - the +7 long sword "Vaimop" (weapon) {slice, Str+6}
   (You found it on level 4 of the Dungeon)

   It inflicts extra damage upon your enemies.
   It affects your strength (+6).
 x - a +0 shortbow
 N - a +2 quarterstaff of chaos
 R - a +1 morningstar
 Z - a +2 long sword of freezing
Missiles
 y - 264 arrows
 I - 2 javelins of penetration (quivered)
 T - 3 needles of confusion
Armour
 b - a +0 animal skin
 h - a +0 chain mail (worn)
 O - a +0 cloak (worn)
 V - the +0 helmet of Vekinn {rElec Dex+2}
   (You found it on level 10 of the Dungeon)

   It affects your dexterity (+2).
   It insulates you from electricity.
Jewellery
 i - a +3 ring of strength (left hand)
 t - an uncursed ring of wizardry
 v - a ring of protection from magic (right hand)
 A - a cursed ring of loudness {unknown}
 G - an uncursed ring of protection from magic
 J - a +2 ring of intelligence {unknown}
 K - an uncursed ring of resist corrosion {unknown}
 P - an uncursed amulet of regeneration {unknown}
Wands
 f - a wand of random effects (35)
 s - a wand of polymorph (23)
 H - a wand of disintegration (38)
 L - a wand of acid (11)
 M - a wand of flame (28)
 Q - a wand of scattershot (8)
Scrolls
 d - 7 scrolls of identify
 g - 3 scrolls of remove curse {unknown}
 j - a scroll of immolation {unknown}
 q - 2 scrolls of fog {unknown}
 w - 8 scrolls of teleportation {unknown}
 B - a scroll of amnesia {unknown}
 C - a scroll of magic mapping {unknown}
 D - 2 scrolls of blinking {unknown}
 F - 3 scrolls of fear {unknown}
 Y - 2 scrolls of acquirement {unknown}
Potions
 a - 2 potions of haste {unknown}
 e - 3 potions of degeneration {unknown}
 k - 3 potions of lignification {unknown}
 m - 4 potions of curing
 n - a potion of flight {unknown}
 o - 2 potions of cancellation {unknown}
 p - a potion of brilliance {unknown}
 r - a potion of agility {unknown}
 U - a potion of invisibility {unknown}
 W - 3 potions of might {unknown}
Books
 E - a book of Necromancy

   Spells                             Type                      Level
   a - Pain                           Necromancy                   1
   b - Animate Skeleton               Necromancy                   1
   c - Vampiric Draining              Necromancy                   3
   d - Regeneration                   Charms/Necromancy            3
   e - Animate Dead                   Necromancy                   4
   f - Borgnjor's Vile Clutch         Necromancy/Earth             5
   Trog disapproves of the use of such an item.
 S - a book of Enchantments

   Spells                             Type                      Level
   a - Cause Fear                     Hexes                        4
   b - Yara's Violent Unravelling     Hexes/Transmutation          5
   c - Silence                        Hexes/Air                    5
   d - Deflect Missiles               Charms/Air                   6
   e - Discord                        Hexes                        8
   Trog disapproves of the use of such an item.
Comestibles
 c - 25 rations


   Skills:
 * Level 12.0 Fighting
 * Level 13.9 Long Blades
 - Level 8.3 Maces & Flails
 + Level 10.3 Armour
 - Level 2.1 Dodging


You had 10 spell levels left.
You didn't know any spells.

Dungeon Overview and Level Annotations

Branches:
Dungeon (12/15)            Temple (0/1) D:7            Lair (0/6) D:8
    Orc (0/2) D:9

Altars:
Kikubaaqudgha
Ru

Shops:
D:5 [*(!

Annotations:
D:9 1 runed door
D:12 Sonja


Innate Abilities, Weirdness & Mutations

You reflexively headbutt those who attack you in melee.
You have a pair of horns on your head.


Message History

The orc priest hits you but does no damage.
The orc barely misses you.
Okay, then.
You hit the orc priest. Your headbutt misses the orc priest.
The orc priest is severely wounded.
You are starving!
The yak gores you.
* * * LOW HITPOINT WARNING * * *
The orc misses you. You furiously retaliate!
You headbutt the orc!
You kill the orc!
Trog accepts your kill.
You completely miss the orc priest.
The orc priest is severely wounded.
Your skin stops crawling.
You feel less resistant to hostile enchantments.
The yak gores you!
* * * LOW HITPOINT WARNING * * *
The orc priest calls down the wrath of Beogh upon you.
Beogh smites you!
You die...

.Y.. ..( ####..
###.(..#######
#..(.........#
#............#
#............#
##.......oY).<#
#........o@...#
#.(..........(#
#.............#
#.............#
#...(..?..!...#
...##+##########
..## >.# ##


You could see a yak, an orc warrior and an orc priest.

Vanquished Creatures
  3 two-headed ogres
  The ghost of Merlin the Basher, a novice DsCK of Xom (D:9)
  The ghost of matthes123 the Changer, a novice DrTm (D:8)
  An ugly thing (D:11)
  2 manticores
  Psyche (D:10)
  A troll (D:10)
  2 hippogriffs
  Sigmund (D:2)
  4 hogs (D:8)
  A human (D:8)
  8 yaks
  A wraith (D:9)
  A hungry ghost (D:10)
  A water moccasin (D:10)
  2 porcupines (D:8)
  2 orc warriors
  3 sky beasts
  2 black bears (D:8)
  3 ice beasts
  A phantom (D:6)
  5 ogres
  A necrophage (D:9)
  8 centaurs
  The ghost of inc the Insei, an amateur MfTm (D:3)
  A crocodile (D:7)
  Blork the orc (D:4)
  A big kobold (D:11)
  An elf skeleton (D:9)
  A bullfrog (D:7)
  A wyvern skeleton (D:7)
  3 killer bees (D:8)
  4 scorpions
  A wight (D:9)
  9 howler monkeys
  6 crimson imps
  A quasit (D:9)
  A centaur zombie (D:8)
  2 bullfrog skeletons
  3 hounds
  4 human zombies (D:9)
  2 iguanas
  3 jellies
  An orc priest (D:5)
  A centaur skeleton (D:11)
  Crazy Yiuf (D:7)
  A human skeleton (D:9)
  14 worker ants
  7 orc wizards
  Natasha (thrice) (D:4)
  An ogre zombie (D:9)
  A hound skeleton (D:4)
  A hound zombie (D:7)
  2 mummies (D:9)
  A worker ant zombie (D:8)
  14 adders
  A howler monkey skeleton (D:6)
  3 shadow imps
  An ooze (D:5)
  An adder zombie (D:3)
  2 adder skeletons
  2 worms (D:2)
  6 dart slugs
  5 leopard geckos
  31 orcs
  3 ball pythons
  11 giant cockroaches
  9 goblins
  9 hobgoblins
  13 jackals
  3 quokkas
  8 bats
  5 frilled lizards
  A giant cockroach zombie (D:6)
  A jackal skeleton (D:7)
  10 kobolds
  A leopard gecko skeleton (D:4)
  A quokka skeleton (D:8)
  5 rats
  2 butterflies (D:9)
284 creatures vanquished.

Vanquished Creatures (others)
  A fungus (D:8)
1 creature vanquished.

Grand Total: 285 creatures vanquished

Notes
Turn   | Place    | Note
-------+----------+-------------------------------------------
     0 | D:1      | twistedcrescendo the Minotaur Berserker began the quest for the Orb.
     0 | D:1      | Reached XP level 1. HP: 19/19 MP: 0/0
    58 | D:1      | Reached XP level 2. HP: 11/27 MP: 1/1
   591 | D:1      | Reached XP level 3. HP: 30/33 MP: 2/2
   867 | D:2      | Reached skill level 5 in Maces & Flails
  1075 | D:2      | Found a sacrificial altar of Ru.
  1092 | D:2      | Reached ** piety under Trog
  1155 | D:2      | Noticed Sigmund
  1164 | D:2      | Killed Sigmund
  1164 | D:2      | Reached skill level 5 in Fighting
  1164 | D:2      | Reached XP level 4. HP: 22/42 MP: 3/3
  1164 | D:2      | Reached XP level 5. HP: 25/48 MP: 4/4
  1898 | D:3      | Noticed inc's ghost (amateur MfTm)
  1906 | D:3      | Killed inc's ghost
  1906 | D:3      | Reached XP level 6. HP: 44/56 MP: 5/5
  2628 | D:4      | Got an ancient long sword
  2633 | D:4      | Reached *** piety under Trog
  2645 | D:4      | Reached XP level 7. HP: 63/63 MP: 6/6
  2698 | D:4      | Identified the +7 long sword "Vaimop" {slice, Str+6} (You found it on level 4 of the Dungeon)
  2801 | D:4      | Noticed Natasha
  2806 | D:4      | Killed Natasha
  2826 | D:4      | Noticed Natasha
  2833 | D:4      | Killed Natasha
  2833 | D:4      | Reached skill level 1 in Long Blades
  2848 | D:4      | Noticed Natasha
  3039 | D:4      | Noticed Blork the orc
  3044 | D:4      | Killed Blork the orc
  3044 | D:4      | Reached skill level 2 in Long Blades
  3163 | D:4      | Killed Natasha
  3411 | D:5      | Entered Level 5 of the Dungeon
  3436 | D:5      | Reached skill level 3 in Long Blades
  3503 | D:5      | Found Zioteumm's Distillery.
  3519 | D:5      | Found Fafaibok's General Store.
  3525 | D:5      | Reached skill level 4 in Long Blades
  3558 | D:5      | Found Sappaud's Armour Shoppe.
  3560 | D:5      | Bought a potion of heal wounds for 65 gold pieces
  3608 | D:5      | Reached XP level 8. HP: 72/73 MP: 7/7
  3693 | D:5      | Found Silakido's Antique Weapon Emporium.
  4053 | D:6      | Reached skill level 5 in Long Blades
  4056 | D:6      | Received a gift from Trog
  4085 | D:6      | Reached skill level 6 in Long Blades
  4369 | D:6      | Reached **** piety under Trog
  4369 | D:6      | Reached skill level 5 in Armour
  4469 | D:6      | Reached skill level 7 in Long Blades
  4809 | D:7      | Reached XP level 9. HP: 82/82 MP: 8/8
  4902 | D:7      | Found a staircase to the Ecumenical Temple.
  4997 | D:7      | Reached skill level 8 in Long Blades
  5057 | D:7      | Found a runed door.
  5526 | D:7      | Noticed Crazy Yiuf
  5529 | D:7      | Killed Crazy Yiuf
  5601 | D:8      | Reached skill level 9 in Long Blades
  5681 | D:8      | Reached skill level 10 in Long Blades
  5768 | D:8      | Noticed matthes123's ghost (novice DrTm)
  5778 | D:8      | Killed matthes123's ghost
  5778 | D:8      | Reached XP level 10. HP: 67/93 MP: 9/9
  6006 | D:8      | Found a staircase to the Lair.
  6135 | D:8      | Reached skill level 10 in Fighting
  6139 | D:8      | Reached ***** piety under Trog
  6143 | D:8      | Reached skill level 11 in Long Blades
  6224 | D:9      | Noticed Merlin's ghost (novice DsCK)
  6238 | D:9      | Killed Merlin's ghost
  6303 | D:9      | Noticed a two-headed ogre
  6309 | D:9      | Killed a two-headed ogre
  6405 | D:9      | Found a staircase to the Orcish Mines.
  6493 | D:9      | Found an ancient bone altar of Kikubaaqudgha.
  6495 | D:9      | Reached skill level 12 in Long Blades
  6534 | D:9      | Received a gift from Trog
  6797 | D:9      | Reached XP level 11. HP: 92/102 MP: 10/10
  6862 | D:9      | Found a runed door.
  6876 | D:9      | Found a runed door.
  6998 | D:10     | Entered Level 10 of the Dungeon
  7171 | D:10     | Got a heavily runed helmet
  7173 | D:10     | Identified the +0 helmet of Vekinn {rElec Dex+2} (You found it on level 10 of the Dungeon)
  7364 | D:10     | Noticed a two-headed ogre
  7371 | D:10     | Killed a two-headed ogre
  7371 | D:10     | Reached skill level 13 in Long Blades
  7567 | D:10     | Noticed Psyche
  7586 | D:10     | Killed Psyche
  7868 | D:11     | Noticed a cyan ugly thing
  7875 | D:11     | Killed a cyan ugly thing
  8085 | D:11     | Reached skill level 10 in Armour
  8198 | D:11     | Noticed a two-headed ogre
  8204 | D:11     | Killed a two-headed ogre
  8609 | D:12     | Noticed Sonja
  8638 | D:12     | HP: 4/104 [orc priest/divine providence (15)]
  8641 | D:12     | Killed from afar by an orc priest

Skill      XL: |  1  2  3  4  5  6  7  8  9 10 11 |
---------------+----------------------------------+-----
Maces & Flails | 4 6 7 8 |  8.3
Fighting       | 4 5 6 7 8 9 11 12 | 12.0
Long Blades    | 4 7 10 12 13 | 13.9
Armour         | 3 5 7 9 10 | 10.3
Dodging        | |  2.1

Action                   |  1- 3 |  4- 6 |  7- 9 | 10-12 || total
-------------------------+-------+-------+-------+-------++-------
Melee: Mace              |    85 |   110 |     2 |       ||   197
       Headbutt          |    15 |    23 |    49 |    68 ||   155
       Long sword        |       |       |   211 |   218 ||   429
 Fire: Shortbow          |       |       |     5 |       ||     5
Throw: Javelin           |       |       |       |     7 ||     7
Invok: Berserk           |     2 |     1 |     2 |     3 ||     8
       Trog's Hand       |     1 |       |     1 |     3 ||     5
  Use: Scroll            |       |     2 |     2 |     2 ||     6
       Potion            |       |       |       |     1 ||     1
 Stab: Sleeping          |     1 |       |       |       ||     1
  Eat: Chunk             |     2 |     5 |    10 |     8 ||    25
       Ration            |       |       |     1 |     1 ||     2
Armor: Animal skin       |     5 |       |       |       ||     5
       Chain mail        |    35 |    61 |   108 |   100 ||   304
Dodge: Dodged            |    45 |    48 |   119 |   100 ||   312
       Rpst.: Long sword |       |       |    20 |    24 ||    44
